 Dungeon Crawl Stone Soup version 0.30-a0-354-g6b83867211 (webtiles) character file.

Game seed: 203750929637290052

81463 ytrimaz the Bludgeoner (level 15, -20/176 HPs)
             Began as an Ogre Berserker on Nov 4, 2022.
             Was the Champion of Trog.
             Killed from afar by a hell knight (26 damage)
             ... with a bolt of fire
             ... in a volcano on Nov 7, 2022.
             The game lasted 00:27:21 (17936 turns).

ytrimaz the Bludgeoner (Ogre Berserker)            Turns: 17936, Time: 00:27:22

Health: -20/176    AC: 11    Str: 31    XL:     15   Next: 70%
Magic:  0/20       EV: 12    Int:  8    God:    Trog [******]
Gold:   1273       SH:  0    Dex:  8    Spells: 14/14 levels left

rFire   . . .      SeeInvis +    t - +4 giant spiked club (protect)
rCold   . . .      Faith    .    (shield currently unavailable)
rNeg    . . .      Spirit   +    k - +4 moon troll leather armour {Spirit, Regen++ MP+5}
rPois   +          Reflect  .    (helmet restricted)
rElec   .          Harm     .    P - +1 cloak
rCorr   .          Rampage  .    (gloves unavailable)
Will    +++..                    (boots unavailable)
Stlth   +.........               o - amulet of regeneration
HPRegen 3.89/turn                p - ring of see invisible
MPRegen 0.17/turn                C - ring of poison resistance

@: about to teleport, strong-willed, regenerating, invisible
A: large, unfitting armour, tough skin 1
a: Renounce Religion, Berserk, Trog's Hand, Brothers in Arms


You were in a volcano.
You worshipped Trog.
Trog was exalted by your worship.
You visited 4 branches of the dungeon, and saw 21 of its levels.
You also visited: Volcano.

You collected 1764 gold pieces.
You spent 491 gold pieces at shops.


Innate Abilities, Weirdness & Mutations

You are too large for most types of armour.
You have tough skin. (AC +1)


   Skills:
 - Level 18.0 Fighting
 - Level 19.0 Maces & Flails
 + Level 11.6 Dodging


You had 14 spell levels left.
You didn't know any spells.
Your spell library was empty.

Inventory:

Hand Weapons
 s - a +0 dire flail
   (You took it off a two-headed ogre on level 5 of the Dungeon)
 t - a +4 giant spiked club of protection (weapon)
   (You took it off a two-headed ogre on level 5 of the Dungeon)
 V - a +8 antimagic giant club
   (Trog gifted it to you on level 4 of the Lair of Beasts)
Missiles
 g - 10 javelins
 h - 10 poisoned darts
 j - 8 boomerangs (quivered)
 B - 24 large rocks
Armour
 k - the +4 moon troll leather armour (worn) {Spirit, Regen++ MP+5}
   (You found it on level 3 of the Dungeon)

   MP:        It affects your magic capacity (+5).
   Regen:     It increases your rate of health regeneration.
 q - +0 swamp dragon scales
   (You took it off Maggie on level 7 of the Dungeon)
 P - a +1 cloak (worn)
   (You found it on level 11 of the Dungeon)
Jewellery
 a - a ring of protection from fire
   (You found it on level 4 of the Lair of Beasts)
 o - an amulet of regeneration (around neck)
   (You found it on level 5 of the Lair of Beasts)
 p - a ring of see invisible (left hand)
   (You found it on level 5 of the Dungeon)
 u - a +6 ring of dexterity
   (You found it on level 6 of the Dungeon)
 C - a ring of poison resistance (right hand)
   (You found it on level 8 of the Dungeon)
 G - a +6 ring of intelligence
   (You found it on level 9 of the Dungeon)
 K - a ring of protection from fire
   (You found it on level 10 of the Dungeon)
 M - a ring of ice
   (You found it on level 5 of the Lair of Beasts)
 N - the ring of Citejec {Drain rPois Int+2 Dex+2}
   (You found it on level 10 of the Dungeon)

   [ring of poison resistance]

   Int:       It affects your intelligence (+2).
   Dex:       It affects your dexterity (+2).
   rPois:     It protects you from poison.
   Drain:     It drains your maximum health when unequipped.
 S - a ring of protection from fire
   (You found it on level 3 of the Lair of Beasts)
 U - a +6 ring of strength
   (You found it on level 2 of the Lair of Beasts)
 X - a +6 ring of dexterity
   (You found it on level 5 of the Lair of Beasts)
Wands
 b - a wand of mindburst (45)
   (You found it on level 4 of the Dungeon)
 y - a wand of paralysis (21)
   (You found it on level 7 of the Dungeon)
 F - a wand of roots (15)
   (You found it on level 9 of the Dungeon)
 H - a wand of digging (3)
   (You found it on level 9 of the Dungeon)
 I - a wand of acid (7)
   (You found it on level 9 of the Dungeon)
 T - a wand of polymorph (1)
   (You found it on level 2 of the Lair of Beasts)
Scrolls
 l - 2 scrolls of silence
 r - 3 scrolls of teleportation
 v - a scroll of magic mapping
 A - 2 scrolls of brand weapon
 E - 5 scrolls of noise
 L - 4 scrolls of torment
 O - 5 scrolls of poison
 W - a scroll of butterflies
Potions
 c - 6 potions of mutation
 d - 2 potions of might {unknown}
 e - 13 potions of curing
 f - a potion of brilliance
 i - 2 potions of flight
 m - 3 potions of attraction
 n - 2 potions of ambrosia
 w - 2 potions of magic
 x - 5 potions of lignification
 z - 3 potions of cancellation
 J - 3 potions of haste
 R - 3 potions of invisibility

Dungeon Overview and Level Annotations

Branches:
Dungeon (13/15) Zot: 25580  Temple (0/1) D:5            Lair (5/5) D:11 Zot: 25084
  Swamp (0/4) Lair:2       Spider (1/4) Lair:3 Zot: 5998   Slime (0/5) Lair:5
    Orc (2/2) D:10 Zot: 11101     Elf (0/3) Orc:2        Vaults (0/5) D:13
Volcano (1/1) Zot: 5788

Altars:
Dithmenos
Elyvilon
Fedhas
Hepliaklqana
Makhleb
Okawaru
Uskayaw
Vehumet
Wu Jian
Xom
Jiyva

Shops:
D:9 *   Orc:2 :

Annotations:
D:10 exclusions: 3 electric eels and 24 more exclusions

####### ##....8#
#..##.#####
#.####.≈☼☼#
#.#○≈≈.#### ###
#.####@≈≈○# ..####
#.#○○○N#### §....####
#.####N○○○#
≈≈.....8###.#☼☼○p####
≈≈§.......'.####.≈≈≈#
≈≈§....8#####≈≈≈.####
≈≈§...### ####.≈≈≈#
≈≈§§..## ##p).#####
≈≈§§§..## #.N###


You could see a hell knight (unable to see you) and 2 salamanders.


Message History

Trog accepts your kill.
Trog appreciates your killing of a magic user.
Trog grants you a weapon! Something appears at your feet!
You see here a +2 antimagic giant spiked club.
You feel very sick.
The salamander hits you from afar with a +2 trident of venom!
* * * LOW HITPOINT WARNING * * *
You are engulfed in flames!
* * * LOW HITPOINT WARNING * * *
The salamander hits you from afar with a +0 halberd.
* * * LOW HITPOINT WARNING * * *
You are engulfed in flames!
* * * LOW HITPOINT WARNING * * *
You feel very sick.
The hell knight mumbles some strange prayers to its god against you.
The bolt of fire hits the salamander.
The salamander completely resists.
The bolt of fire hits the salamander.
The salamander completely resists.
The bolt of fire misses you.
The salamander hits you but does no damage.
The salamander misses you.
Things that are here:
a +0 dagger; a +0 robe; a salamander corpse 😨 HP[-38] MP[-4]
You take 38 damage, and now have 51/176 hp.
MASSIVE DAMAGE!! (PAUSE)
You lost 4 mp, and now have 6/20 mp.
The salamander attacks as you move away!
The salamander hits you but does no damage.
You feel very sick.
The salamander hits you from afar with a +2 trident of venom.
* * * LOW HITPOINT WARNING * * *
You are engulfed in flames!
* * * LOW HITPOINT WARNING * * *
😱 HP[-15] MP[-1]
You take 15 damage, and now have 36/176 hp.
You lost 1 mp, and now have 5/20 mp.
Okay, then.
You fade into invisibility!
You feel very sick. The salamander misses you. x2
Unknown command.
Your skin crawls.
You feel strong-willed.
You feel sick.
The salamander closely misses you. 😱 HP[+2]
You regained 2 hp, and now have 38/176 hp.
Unknown command.
Really walk into that cloud of flame?
Okay, then.
Really walk into that cloud of flame?
You are engulfed in blazing flames.
* * * LOW HITPOINT WARNING * * *
You feel sick.
The salamander closely misses you. 😱 HP[-15] MP[-1]
You take 15 damage, and now have 23/176 hp.
You lost 1 mp, and now have 4/20 mp.
Unknown command.
You feel sick. 😱 HP[+3]
You regained 3 hp, and now have 26/176 hp.
You feel sick.
The salamander barely misses you. 😱 HP[+3]
You regained 3 hp, and now have 29/176 hp.
You feel sick. 😱 HP[+3]
You regained 3 hp, and now have 32/176 hp.
You are engulfed in blazing flames.
* * * LOW HITPOINT WARNING * * *
You feel sick.
The salamander hits you from afar with a +2 trident of venom!
* * * LOW HITPOINT WARNING * * *
You are engulfed in flames!
* * * LOW HITPOINT WARNING * * *
😱 HP[-30] MP[-3]
You take 30 damage, and now have 2/176 hp.
You lost 3 mp, and now have 1/20 mp.
You feel sick. 😱 HP[+2]
You regained 2 hp, and now have 4/176 hp.
You feel better.
The salamander closely misses you. 😱 HP[+9] MP[+1]
You regained 9 hp, and now have 13/176 hp.
Unknown command.
Okay, then.
Okay, then.
As you read the scroll of teleportation, it crumbles to dust.
You feel strangely unstable. The salamander completely misses you.
The salamander barely misses you. 😱 HP[+4]
You regained 4 hp, and now have 17/176 hp.
Unknown command.
Really walk into that cloud of flame?
You are engulfed in blazing flames.
* * * LOW HITPOINT WARNING * * *
The hell knight calls down the wrath of its god upon the salamander.
The bolt of fire hits the salamander.
The salamander completely resists.
The bolt of fire hits the salamander.
The salamander completely resists.
The bolt of fire hits you!!
You die...

Skill      XL: |  1  2  3  4  5  6  7  8  9 10 11 12 13 14 15 |
---------------+----------------------------------------------+-----
Maces & Flails | 3 4 5 6 7 9 11 12 15 17 19 | 19.0
Fighting       | 5 6 7 9 11 13 15 17 18 | 18.0
Dodging        | 7 11 | 11.6

Action                   |  1- 3 |  4- 6 |  7- 9 | 10-12 | 13-15 || total
-------------------------+-------+-------+-------+-------+-------++-------
Melee: Mace              |    77 |    98 |   102 |       |       ||   277
       Giant club        |       |       |    96 |       |   297 ||   393
       Giant spiked club |       |       |    44 |   473 |   682 ||  1199
Throw: Boomerang         |       |       |       |     3 |       ||     3
Invok: Berserk           |       |     1 |     4 |    10 |     3 ||    18
       Trog's Hand       |       |       |       |     5 |     9 ||    14
       Brothers in Arms  |       |       |       |     1 |       ||     1
  Use: Scroll            |     4 |     4 |    11 |    10 |    14 ||    43
       Potion            |       |       |       |     2 |     3 ||     5
 Stab: Petrified         |       |       |       |       |     1 ||     1
Armor: Animal skin       |    41 |    38 |       |       |       ||    79
       Troll leather arm |       |     4 |   145 |   465 |   526 ||  1140
Dodge: Dodged            |    56 |    63 |   132 |   491 |   652 ||  1394

Levels and vault maps discovered:
D:1:      evilmike_arrival_rings, layout_rooms, serial_bayou,
          serial_bayou_pond_e, serial_bayou_crossing, serial_bayou_pond_b,
          serial_bayou_pond_e, minmay_heptomino_o4
D:2:      layout_basic, shapermc_ecumenical_altar_petra, minmay_strange_pillars
D:3:      cheibrodos_helix_gallery, layout_rooms,
          eat_drink_and_be_merry_uskayaw, uniq_natasha, uniq_sigmund,
          uniq_grinder
D:4:      layout_loops_ring, grunt_dithmenos_smoke_and_mirrors,
          old_standard_altar, uniq_blork_the_orc
D:5:      layout_rooms, temple_green, minmay_small_thing
D:6:      layout_basic, regret_index_temple_of_mockery, elyvilon_altar_1,
          grunt_ministairs_12, lightli_orcish_oven
D:7:      layout_layer_cave, uniq_menkaure, uniq_maggie
D:8:      layout_basic
D:9:      kennysheep_blocky_room, layout_long_grid, serial_shops, shop
D:10:     minmay_cut_squares, layout_basic, mainiacjoe_overflow_big_doors,
          mainiacjoe_overflow_brackets, david_orc_2
D:11:     layout_stronghold, erik_lair_orcish_takeover, uniq_maurice,
          uniq_josephine
D:12:     cheibrodos_fzero, layout_gridville
D:13:     layout_gridville, erik_vaults_2, fedhas_altar_4
Lair:1:   layout_hall_layers, st_stairs_3, chequers_serial_rivers_room_a,
          uniq_sonja
Lair:2:   layout_gridlike, swamp_mist_pool, uniq_urug, uniq_erica
Lair:3:   layout_long_grid, hellmonk_spider_entry_life_and_decay,
          beast_lair_carwin_8
Lair:4:   layout_cellular_growth, grunt_megastairs_2
Lair:5:   grunt_lair_end_beastmaster, layout_regular_city,
          nicolae_slime_entry_slimehenge, chequers_serial_rivers_micro_a,
          lemuel_fruit_tree, uniq_snorg
Spider:1: cheibrodos_spider_deadly_dance
Orc:1:    layout_caves, abandoned_shop
Orc:2:    st_orc_congregation, layout_caves, serial_shops,
          nicolae_shop_advertising_works [nicolae_subvault_shop_adworks],
          nicolae_volcano_entry_hallway, nicolae_orc_rockfall
Volcano:  volcano_grotto [vgs_trial_by_fire]

Notes
Turn   | Place    | Note
-------+----------+-------------------------------------------
     0 | D:1      | ytrimaz the Ogre Berserker began the quest for the Orb.
     0 | D:1      | Reached XP level 1. HP: 24/24 MP: 1/1
     0 | D:1      | magus.rc [v1.9.6]
   147 | D:1      | Reached XP level 2. HP: 17/33 MP: 2/2
   151 | D:1      | Reached skill level 3 in Maces & Flails
   485 | D:1      | Reached ** piety under Trog
   647 | D:1      | Reached XP level 3. HP: 40/40 MP: 3/3
   824 | D:2      | Reached skill level 5 in Fighting
  1081 | D:2      | Reached XP level 4. HP: 50/50 MP: 4/4
  1512 | D:2      | Found a faded altar of an unknown god.
  1594 | D:3      | Found a hide-covered altar of Uskayaw.
  1760 | D:3      | Noticed Sigmund
  1770 | D:3      | Killed Sigmund
  1771 | D:3      | Reached skill level 6 in Fighting
  1771 | D:3      | Reached skill level 4 in Maces & Flails
  1771 | D:3      | Reached XP level 5. HP: 61/61 MP: 5/5
  1771 | D:3      | Reached XP level 6. HP: 68/68 MP: 6/6
  1861 | D:3      | Noticed Natasha
  1872 | D:3      | Killed Natasha
  1873 | D:3      | Reached skill level 7 in Fighting
  1967 | D:3      | Found the +4 moon troll leather armour {Spirit, Regen++
                  | MP+5}
  1979 | D:3      | Noticed Grinder
  2076 | D:3      | Killed Grinder
  2077 | D:3      | Reached skill level 5 in Maces & Flails
  2077 | D:3      | Reached XP level 7. HP: 79/79 MP: 7/7
  2157 | D:3      | Noticed Natasha
  2162 | D:3      | Killed Natasha
  2163 | D:3      | Reached skill level 8 in Fighting
  2220 | D:3      | Noticed Natasha
  2226 | D:3      | Killed Natasha
  2467 | D:4      | Found an ornate altar of the Wu Jian Council.
  2494 | D:4      | Reached *** piety under Trog
  2534 | D:4      | Reached skill level 6 in Maces & Flails
  2579 | D:4      | Found a shadowy altar of Dithmenos.
  2655 | D:4      | Noticed Blork the orc
  2662 | D:4      | Killed Blork the orc
  2663 | D:4      | Reached skill level 9 in Fighting
  2663 | D:4      | Reached XP level 8. HP: 92/92 MP: 8/8
  2999 | D:5      | Entered Level 5 of the Dungeon
  3364 | D:5      | Noticed a two-headed ogre
  3373 | D:5      | Killed a two-headed ogre
  3374 | D:5      | Reached skill level 11 in Fighting
  3374 | D:5      | Reached skill level 7 in Maces & Flails
  3374 | D:5      | Reached XP level 9. HP: 72/105 MP: 5/9
  3653 | D:5      | Found a staircase to the Ecumenical Temple.
  3826 | D:6      | Reached skill level 8 in Maces & Flails
  3901 | D:6      | Reached **** piety under Trog
  3989 | D:6      | Found a shimmering altar of Xom.
  3992 | D:6      | Found a hazy altar of Hepliaklqana.
  3996 | D:6      | Noticed a spectral ugly thing
  4145 | D:6      | Found a white marble altar of Elyvilon.
  4437 | D:7      | Noticed Menkaure
  4440 | D:7      | Killed Menkaure
  4441 | D:7      | Reached skill level 12 in Fighting
  4457 | D:7      | Noticed a two-headed ogre
  4461 | D:7      | Killed a two-headed ogre
  4462 | D:7      | Reached skill level 9 in Maces & Flails
  4552 | D:7      | Reached skill level 13 in Fighting
  4690 | D:7      | Noticed Maggie
  4694 | D:7      | Reached XP level 10. HP: 118/119 MP: 10/10
  4700 | D:7      | Killed Maggie
  5431 | D:8      | HP: 28/120 [killer bee (7)]
  5436 | D:8      | HP: 34/180 [poisoned by a killer bee]
  5520 | D:8      | Reached skill level 10 in Maces & Flails
  5560 | D:8      | Reached skill level 14 in Fighting
  5564 | D:8      | Noticed a cyclops
  5573 | D:8      | Killed a cyclops
  6158 | D:9      | Noticed a two-headed ogre
  6174 | D:9      | HP: 41/184 [two-headed ogre/+0 dire flail (17)]
  6175 | D:9      | Killed a two-headed ogre
  6177 | D:9      | Reached skill level 15 in Fighting
  6180 | D:9      | Reached skill level 11 in Maces & Flails
  6259 | D:9      | Noticed a manticore
  6267 | D:9      | Killed a manticore
  6268 | D:9      | Reached XP level 11. HP: 113/133 MP: 11/11
  6278 | D:9      | Noticed a green ugly thing
  6285 | D:9      | Killed a green ugly thing
  6291 | D:9      | Noticed a two-headed ogre
  6296 | D:9      | Killed a two-headed ogre
  6430 | D:9      | Reached skill level 16 in Fighting
  6453 | D:9      | HP: 31/135 [orc/+0 hand axe (4)]
  6479 | D:9      | HP: 33/135 [killer bee (1)]
  6771 | D:9      | Found Bic Niy's Assorted Antiques.
  6782 | D:9      | Bought 3 scrolls of teleportation for 234 gold pieces
  6782 | D:9      | Bought a scroll labelled XUPYENY JAUNEE for 26 gold pieces
  6782 | D:9      | Bought a grey potion for 23 gold pieces
  6782 | D:9      | Bought 2 scrolls of identify for 104 gold pieces
  6782 | D:9      | Bought a potion of curing for 78 gold pieces
  6782 | D:9      | Bought a scroll labelled WUALOAVEYH for 26 gold pieces
  7113 | D:10     | Entered Level 10 of the Dungeon
  7113 | D:10     | Found a staircase to the Orcish Mines.
  7172 | D:10     | HP: 29/135 [electric eel/bolt of electricity (14)]
  7177 | D:10     | HP: 29/135 [electric eel/bolt of electricity (1)]
  7278 | D:10     | Identified the +4 falchion "Yrop Vip" {flame, rElec rN+
                  | rCorr Str-2}
  7295 | D:10     | Noticed a centaur warrior
  7295 | D:10     | Noticed a manticore
  7313 | D:10     | Killed a centaur warrior
  7315 | D:10     | Killed a manticore
  7317 | D:10     | HP: 49/204 [slime creature (10)]
  7321 | D:10     | Reached skill level 12 in Maces & Flails
  7616 | D:10     | Identified the ring of Citejec {Drain rPois Int+2 Dex+2}
  7718 | D:10     | Reached skill level 17 in Fighting
  7801 | D:10     | Noticed a two-headed ogre
  7804 | D:10     | Found a burning altar of Makhleb.
  7807 | D:10     | Killed a two-headed ogre
  7974 | D:10     | Noticed a soul eater
  7995 | D:10     | Reached XP level 12. HP: 148/148 MP: 12/12
  8138 | D:10     | Found an iron altar of Okawaru.
  8159 | D:10     | Found a radiant altar of Vehumet.
  8229 | D:11     | Identified the +1 helmet "Pafun" {rC+ Dex+4}
  8277 | D:11     | Noticed a boulder beetle
  8295 | D:11     | Killed a boulder beetle
  8322 | D:11     | Noticed Josephine
  8329 | D:11     | Killed Josephine
  8330 | D:11     | Reached skill level 13 in Maces & Flails
  8333 | D:11     | Reached skill level 18 in Fighting
  8405 | D:11     | Reached ***** piety under Trog
  8459 | D:11     | Noticed Maurice
  8497 | D:11     | Killed Maurice
  8992 | D:11     | Found a staircase to the Lair.
  9004 | D:11     | Reached skill level 14 in Maces & Flails
  9155 | D:11     | Paralysed by an orc for 2 turns
  9161 | D:11     | Paralysed by an orc for 3 turns
  9428 | D:12     | Noticed a boulder beetle
  9428 | D:12     | Noticed a two-headed ogre
  9433 | D:12     | Noticed an ogre mage
  9433 | D:12     | Noticed a two-headed ogre
  9436 | D:12     | Noticed a boulder beetle
  9438 | D:12     | Noticed a six-headed hydra
  9453 | D:12     | Killed a two-headed ogre
  9458 | D:12     | Killed a two-headed ogre
  9463 | D:12     | Killed a boulder beetle
  9467 | D:12     | Killed a boulder beetle
  9468 | D:12     | Reached skill level 15 in Maces & Flails
  9471 | D:12     | Killed an ogre mage
  9472 | D:12     | Reached XP level 13. HP: 131/158 MP: 6/13
  9590 | D:12     | HP: 39/158 [six-headed hydra (7)]
  9941 | D:12     | Reached skill level 16 in Maces & Flails
 10393 | D:13     | Upgraded the game from 0.30-a0-341-g682706514a to
                  | 0.30-a0-354-g6b83867211
 10393 | D:13     | magus.rc [v1.9.6]
 10626 | D:13     | Noticed a vault guard
 10628 | D:13     | Noticed a vault guard
 10631 | D:13     | Noticed a vault guard
 10632 | D:13     | Found a gate to the Vaults.
 10632 | D:13     | Noticed a vault guard
 10632 | D:13     | Noticed a vault guard
 10632 | D:13     | Noticed a vault guard
 10634 | D:13     | Noticed a vault guard
 10742 | D:13     | Killed a vault guard
 10757 | D:13     | Killed a vault guard
 10761 | D:13     | Killed a vault guard
 10779 | D:13     | Reached skill level 17 in Maces & Flails
 10786 | D:13     | Killed a vault guard
 10802 | D:13     | Killed a vault guard
 10828 | D:13     | Killed a vault guard
 11041 | D:13     | Reached XP level 14. HP: 169/169 MP: 14/14
 11472 | D:13     | Found a blossoming altar of Fedhas.
 11577 | Lair:1   | Entered Level 1 of the Lair of Beasts
 11619 | Lair:1   | Noticed Sonja
 11636 | Lair:1   | Killed Sonja
 11637 | Lair:1   | Reached skill level 18 in Maces & Flails
 11637 | Lair:1   | Reached skill level 3 in Dodging
 11889 | Lair:1   | Identified the +3 leather armour "Xeyhi" {Rampage +Inv
                  | Will+ Dex+3}
 12156 | Lair:2   | Reached skill level 4 in Dodging
 12245 | Lair:2   | Found a staircase to the Swamp.
 12264 | Lair:2   | Noticed Erica
 12271 | Lair:2   | Killed Erica
 12308 | Lair:2   | Received a gift from Trog
 12352 | Lair:2   | Reached skill level 5 in Dodging
 12677 | Lair:2   | Noticed Urug
 12690 | Lair:2   | Killed Urug
 13156 | Lair:3   | Reached skill level 6 in Dodging
 13370 | Lair:3   | Found a hole to the Spider Nest.
 14193 | Spider:1 | Entered Level 1 of the Spider Nest
 14258 | Lair:4   | Received a gift from Trog
 14503 | Lair:4   | Reached skill level 7 in Dodging
 14960 | Lair:4   | Reached skill level 19 in Maces & Flails
 15129 | Lair:5   | Entered Level 5 of the Lair of Beasts
 15153 | Lair:5   | Reached XP level 15. HP: 142/176 MP: 5/15
 15212 | Lair:5   | Reached skill level 8 in Dodging
 15356 | Lair:5   | Found a staircase to the Slime Pits.
 15357 | Lair:5   | Found a viscous altar of Jiyva.
 15512 | Lair:5   | Reached skill level 9 in Dodging
 15682 | Lair:5   | Noticed Snorg
 15711 | Lair:5   | HP: 32/176 [death yak (18)]
 15856 | Lair:5   | Killed Snorg
 15856 | Lair:5   | Received a gift from Trog
 16083 | Lair:5   | Reached skill level 10 in Dodging
 16656 | D:10     | HP: 42/176 [electric eel/bolt of electricity (6)]
 16708 | Orc:1    | Entered Level 1 of the Orcish Mines
 16763 | Orc:1    | HP: 42/176 [sixfirhy[an orc high priest] (9)]
 17095 | Orc:2    | Entered Level 2 of the Orcish Mines
 17380 | Orc:2    | Found a staircase to the Elven Halls.
 17419 | Orc:2    | Reached skill level 11 in Dodging
 17540 | Orc:2    | Noticed an orc warlord
 17557 | Orc:2    | HP: 43/176 [orc warrior/+0 mace (14)]
 17585 | Orc:2    | Killed an orc warlord
 17692 | Orc:2    | Found a dark tunnel.
 17705 | Orc:2    | Found Oceusom's Book Emporium.
 17719 | Volcano  | Entered a volcano
 17758 | Volcano  | Reached ****** piety under Trog
 17918 | Volcano  | Found a bloodstained altar of Trog.
 17923 | Volcano  | Received a gift from Trog
 17925 | Volcano  | HP: 36/176 [salamander/+2 trident of venom (13)]
 17930 | Volcano  | HP: 29/176 [poisoned by a salamander]
 17932 | Volcano  | HP: 11/176 [salamander/+2 trident of venom (13)]
 17932 | Volcano  | HP: 2/176 [salamander/+2 trident of venom (9)]
 17936 | Volcano  | Killed from afar by a hell knight

Vanquished Creatures
  An orc warlord (Orc:2)
  Snorg (Lair:5)
  Josephine (D:11)
  5 hydras
  Erica (Lair:2)
  8 vault guards (D:13)
  3 centaur warriors
  An ogre mage (D:12)
  5 boulder beetles
  2 catoblepae
  8 two-headed ogres
  A deep troll shaman (Lair:5)
  6 death yaks (Lair:5)
  An orc high priest (Orc:1)
  A tengu warrior (D:13)
  Urug (Lair:2)
  Sonja (Lair:1)
  A salamander mystic (Volcano)
  An obsidian statue (Volcano)
  A lindwurm (Lair:5)
  An ugly thing (D:9)
  2 orc knights
  2 deep elf pyromancers
  5 cyclopes
  3 manticores
  8 elephants
  A black mamba (Lair:3)
  A guardian serpent (shapeshifter) (D:10)
  A torpor snail (Lair:5)
  Maurice (D:11)
  A gargoyle (D:13)
  16 cane toads
  Maggie (D:7)
  7 kobold demonologists
  4 unseen horrors
  A yaktaur (D:10)
  8 komodo dragons
  5 rime drakes
  A polar bear (Lair:5)
  8 trolls
  Grinder (D:3)
  9 slime creatures
  26 blink frogs
  3 culicivoras (Lair:3)
  Sigmund (D:3)
  2 shadows
  6 wyverns
  8 wraiths
  38 yaks
  5 basilisks
  5 fire bats (Volcano)
  3 steam dragons
  4 vampire mosquitoes (D:12)
  Menkaure (D:7)
  6 wargs
  13 water moccasins
  4 acid dragons
  18 orc warriors
  2 black bears
  3 ice beasts
  24 wolves
  5 ogres
  7 centaurs
  A kobold brigand (D:11)
  Blork the orc (D:4)
  9 bullfrogs
  3 necrophages
  12 wights
  12 killer bees
  An electric eel (D:10)
  6 howler monkeys
  5 lava snakes (Volcano)
  4 hounds
  11 orc priests
  5 jellies
  23 orc wizards
  2 gnoll boudas
  3 iguanas
  Natasha (thrice) (D:3)
  7 hell rats (Lair:3)
  4 gnolls (D:5)
  7 adders
  2 shadow imps
  A white imp (D:5)
  An ufetubus (D:6)
  A worm (D:4)
  A dart slug (D:2)
  71 orcs
  10 ball pythons
  11 endoplasms
  2 giant cockroaches
  9 goblins
  5 hobgoblins
  9 jackals
  7 quokkas
  6 bats
  3 frilled lizards
  8 kobolds
  7 rats
594 creatures vanquished.

Vanquished Creatures (collateral kills)
  2 killer bees (D:9)
  3 howler monkeys (D:9)
5 creatures vanquished.

Vanquished Creatures (others)
  15 fungi
  33 plants
48 creatures vanquished.

Grand Total: 647 creatures vanquished

Table legend:
 A = Non-vault XP
 B = Vault XP
 C = Vault XP percentage of total XP
 D = Non-vault monster count
 E = Vault monster count
 F = Vault count percentage of total count
                 A         B        C        D         E       F
            +---------+---------+-------+---------+---------+-------
      Total |   72991 |   43385 |  37.3 |     444 |     155 |  25.9
            +---------+---------+-------+---------+---------+-------
        D:1 |      20 |      14 |  41.2 |      14 |       9 |  39.1
        D:2 |      81 |       0 |   0.0 |      20 |       0 |   0.0
        D:3 |     108 |     559 |  83.8 |      18 |       5 |  21.7
        D:4 |     534 |      91 |  14.6 |      29 |       1 |   3.3
        D:5 |     284 |     824 |  74.4 |      14 |       1 |   6.7
        D:6 |     590 |      99 |  14.4 |      15 |       6 |  28.6
        D:7 |    1907 |     570 |  23.0 |      18 |       2 |  10.0
        D:8 |    1594 |       0 |   0.0 |      22 |       0 |   0.0
        D:9 |    3064 |    2620 |  46.1 |      29 |       8 |  21.6
       D:10 |    4570 |    2508 |  35.4 |      20 |      12 |  37.5
       D:11 |    5602 |    2794 |  33.3 |      28 |      15 |  34.9
       D:12 |    4640 |    7813 |  62.7 |      19 |      15 |  44.1
       D:13 |    9979 |    6949 |  41.1 |      25 |       8 |  24.2
     Lair:1 |    2143 |    1488 |  41.0 |       7 |       4 |  36.4
     Lair:2 |    8259 |    1655 |  16.7 |      31 |       2 |   6.1
     Lair:3 |    7285 |    3049 |  29.5 |      34 |      10 |  22.7
     Lair:4 |    4018 |    1311 |  24.6 |      14 |       7 |  33.3
     Lair:5 |   15306 |    5457 |  26.3 |      46 |      19 |  29.2
      Orc:1 |    1430 |       0 |   0.0 |      11 |       0 |   0.0
      Orc:2 |    1577 |    2911 |  64.9 |      30 |      19 |  38.8
    Volcano |       0 |    2673 | 100.0 |       0 |      12 | 100.0
            +---------+---------+-------+---------+---------+-------

Illustrated notes

Table legend:
 A = Kills in this place as a percentage of kills in entire the game.
 B = Kills by you in this place as a percentage of kills by you in the entire game.
 C = Kills by friends in this place as a percentage of kills by friends in the entire game.
 D = Other kills in this place as a percentage of other kills in the entire game.
 E = Experience gained in this place as a percentage of experience gained in the entire game.
 F = Experience gained in this place divided by the number of levels of this place that you have seen.
                   A       B       C       D       E      F
               +-------+-------+-------+-------+-------+----------------------
         Total | 100.0 | 100.0 | 100.0 |   N/A | 100.0 | 5289.8
       Dungeon |  58.9 |  58.6 | 100.0 |   N/A |  49.7 | 4447.2
          Lair |  29.0 |  29.3 |   0.0 |   N/A |  42.9 | 9994.2
  Orcish Mines |  10.0 |  10.1 |   0.0 |   N/A |   5.1 | 2959.0
       Volcano |   2.0 |   2.0 |   0.0 |   N/A |   2.3 | 2673.0
               +-------+-------+-------+-------+-------+----------------------

Table legend: (Time is in decaauts)
 A = Elapsed time spent in this place.
 B = Non-inter-level travel time spent in this place.
 C = Inter-level travel time spent in this place.
 D = Time resting spent in this place.
 E = Time spent auto-exploring this place.
 F = Levels seen in this place.
 G = Mean time per level.
                   A        B        C        D        E       F      G
               +--------+--------+--------+--------+--------+-----+--------+
         Total |  18163 |  17392 |    771 |    488 |  12813 |  22 |  825.6 |
       Dungeon |  12136 |  11598 |    538 |    415 |   8468 |  13 |  933.5 |
          Lair |   4916 |   4696 |    220 |     68 |   3670 |   5 |  983.2 |
   Spider Nest |      1 |      1 |      0 |      0 |      0 |   1 |    1.0 |
  Orcish Mines |    898 |    885 |     13 |      5 |    587 |   2 |  449.0 |
       Volcano |    210 |    210 |      0 |      0 |     87 |   1 |  210.0 |
               +--------+--------+--------+--------+--------+-----+--------+

Top non-repeatable levels by time:
    D:10: 1319 daAuts
  Lair:5: 1315 daAuts
    D:11: 1216 daAuts
    D:12: 1163 daAuts
  Lair:3: 1143 daAuts
    D:13: 1090 daAuts
     D:9: 1084 daAuts
     D:7: 969 daAuts
  Lair:2: 948 daAuts
  Lair:4: 918 daAuts
     D:2: 879 daAuts
     D:4: 757 daAuts
     D:6: 745 daAuts
     D:5: 738 daAuts
     D:1: 735 daAuts
